 Dungeon Crawl Stone Soup version 0.22.1-6-g1668fe2 (webtiles) character file.

56 Kairos the Shield-Bearer (level 3, -2/20 HPs)
             Began as a Vine Stalker Fighter on Jan 28, 2019.
             Hit by a goblin thrown by Robin (3 damage)
             ... on level 2 of the Dungeon.
             The game lasted 00:02:03 (1217 turns).

Kairos the Shield-Bearer (Vine Stalker Fighter)     Turns: 1217, Time: 00:02:04

Health: -2/20      AC:  6    Str: 19    XL:     3   Next: 95%
Magic:  0/4        EV:  7    Int:  8    God:
Gold:   24         SH:  9    Dex: 13    Spells: 2/2 levels left

rFire    . . .     SeeInvis .   a - +0 war axe
rCold    . . .     Gourm    .   c - +0 shield
rNeg     . . .     Faith    .   b - +0 scale mail
rPois    .         Spirit   +   (no helmet)
rElec    .         Reflect  .   (no cloak)
rCorr    .         Harm     .   (no gloves)
MR       .....                  (no boots)
Stlth    ..........             (no amulet)
HPRegen  0.06/turn              (no ring)
MPRegen  0.09/turn              (no ring)

@: no status effects
A: fangs 2, magic shield, antimagic bite, no potion heal 3, rot immunity
a: no special abilities


You were on level 2 of the Dungeon.
You were very hungry.

You visited 1 branch of the dungeon, and saw 2 of its levels.

You collected 24 gold pieces.

Inventory:

Hand Weapons
 a - a +0 war axe (weapon)
Armour
 b - a +0 scale mail (worn)
 c - a +0 shield (worn)
Scrolls
 e - 2 scrolls of remove curse {unknown}
 g - 2 scrolls of immolation {unknown}
 h - a scroll of blinking {unknown}
Potions
 d - a potion of might
 i - a potion of flight {unknown}
 j - a potion of heal wounds {unknown}
Comestibles
 f - 5 rations


   Skills:
 + Level 3.1 Fighting
 + Level 2.3 Axes
 + Level 2.8 Armour
 + Level 0.1 Dodging
 + Level 3.2 Shields


You had 2 spell levels left.
You didn't know any spells.
Your spell library was empty.

Dungeon Overview and Level Annotations

Branches:
Dungeon (1/15)

Altars:

Annotations:
D:2 Robin


Innate Abilities, Weirdness & Mutations

You have extremely sharp teeth.
When hurt, damage is shared between your health and your magic reserves.
Your bite disrupts and absorbs the magic of your enemies.
Potions cannot restore your health.
You are immune to rotting.


Message History

The hobgoblin is heavily wounded.
The goblin shoots a stone.
You block the stone. You block the hobgoblin's attack.
Robin hits you but does no damage.
The goblin shoots a stone.
The stone hits you but does no damage.
You barely miss the hobgoblin.
The hobgoblin is heavily wounded.
The hobgoblin hits you with a club.
* * * LOW HITPOINT WARNING * * *
Robin roars a battlecry!
The hobgoblin goes into a battle-frenzy!
The hobgoblin hits you with a club.
* * * LOW HITPOINT WARNING * * *
You block Robin's attack.
The goblin shoots a stone.
You block the stone.
Robin's bangles clink loudly.
You see here a stone.
The goblin shoots a stone.
The stone barely misses you.
The goblin shoots a stone.
The stone closely misses you. Robin throws the goblin at you!
You die...

#.# ##.## #.)#####...## #.
#..........# ...
#######....(.....####.##
......##...............
.......##.....(<.#...##
.......†(.((...........
........)(.....g...#.#####
........(.......@..#......
..............##..(.......
........#......(g.........
...............(#g#######.
).....[........#()#
...............#.##
...............))###
................(..## #
....(....#..........########gg.#


You could see Robin, a hobgoblin and a goblin.

Vanquished Creatures
  An adder (D:2)
  An ooze (D:2)
  A worm (D:2)
  A leopard gecko (D:1)
  A ball python (D:2)
  A bat (D:1)
  8 goblins
  5 hobgoblins
  4 jackals (D:1)
  3 frilled lizards (D:1)
  4 kobolds
  3 rats (D:2)
33 creatures vanquished.

Notes
Turn   | Place    | Note
-------+----------+-------------------------------------------
     0 | D:1      | Kairos the Vine Stalker Fighter began the quest for the
                  | Orb.
     0 | D:1      | Reached XP level 1. HP: 11/11 MP: 2/2
    45 | D:1      | Reached XP level 2. HP: 8/16 MP: 3/3
   626 | D:1      | You fall through a shaft!
   634 | D:2      | Reached XP level 3. HP: 15/20 MP: 4/4
  1180 | D:2      | Noticed Robin
  1214 | D:2      | HP: 1/20 [hobgoblin/club[Robin] (3)]
  1217 | D:2      | Hit by a goblin thrown by Robin

Skill      XL: |  1  2 |
---------------+-------+-----
Shields        | 3 |  3.2
Fighting       | 3 |  3.1
Axes           | 2 |  2.3
Armour         | |  2.8
Dodging        | |  0.1

Action                   || total
-------------------------++-------
Melee: War axe           ||    96
       Bite              ||    18
Armor: Scale mail        ||    49
Dodge: Dodged            ||    39
Block: Shield            ||    73
